 Dungeon Crawl Stone Soup version 0.28.0-53-g5a82cb258f (webtiles) character file.

Game seed: 15500985441596997351

178 ZappyNine the Stinger (level 5, -1/40 HPs)
             Began as a Formicid Venom Mage on June 1, 2022.
             Slain by a frilled lizard (2 damage)
             ... on level 2 of the Dungeon.
             The game lasted 00:02:32 (1392 turns).

ZappyNine the Stinger (Formicid Venom Mage)         Turns: 1392, Time: 00:02:33

Health: -1/40      AC:  2    Str: 13    XL:     5   Next: 89%
Magic:  1/10       EV: 12    Int: 16    God:
Gold:   51         SH:  0    Dex: 11    Spells: 8/11 levels left

rFire   . . .      SeeInvis +   e - +0 spear
rCold   . . .      Faith    .   (no shield)
rNeg    . . .      Spirit   .   a - +0 robe
rPois   .          Reflect  .   (helmet unavailable)
rElec   .          Harm     .   (no cloak)
rCorr   .          Rampage  .   (no gloves)
Will    .....                   (no boots)
Stlth   ++........              (no amulet)
HPRegen 0.13/turn               (no ring)
MPRegen 0.12/turn               (no ring)

@: no status effects
A: permanent stasis, dig shafts and tunnels, antennae 3, four strong arms
a: Dig, Shaft Self


You were on level 2 of the Dungeon.
You visited 1 branch of the dungeon, and saw 2 of its levels.

You collected 51 gold pieces.

Inventory:

Hand Weapons
 e - a +0 spear (weapon)
Missiles
 d - a throwing net
Armour
 a - a +0 robe (worn)
Jewellery
 b - an amulet of faith
Scrolls
 c - 3 scrolls of identify {unknown}
 f - a scroll of teleportation {unknown}
 g - a scroll of blinking {unknown}
 h - a scroll of enchant weapon {unknown}


   Skills:
 + Level 2.8 Fighting
 - Level 1.9 Dodging
 - Level 2.6 Stealth
 + Level 3.6 Spellcasting
 - Level 1.2 Transmutations
 + Level 5.6 Poison Magic


You had 8 spell levels left.
You knew the following spells:

 Your Spells              Type           Power      Damage    Failure   Level
a - Sting                 Tmut/Pois      52%        1d5       4%          1
b - Poisonous Vapours     Pois/Air       22%        N/A       9%          2

Your spell library contained the following spells:

 Spells                   Type           Power      Damage    Failure   Level
 Olgreb's Toxic Radiance  Pois           20%        N/A       17%         4
 Mephitic Cloud           Conj/Pois/Air  8%         N/A       24%         3


Dungeon Overview and Level Annotations

Branches:
Dungeon (2/15)

Altars:


Innate Abilities, Weirdness & Mutations

You cannot be hasted, slowed, berserked, paralysed or teleported.
You can dig through walls and to a lower floor.
You have a pair of large antennae on your head. (SInv)
Your four strong arms can wield two-handed weapons with a shield.


Message History

Unknown command.
Casting: Poisonous Vapours (safe; 12% risk of failure)
Confirm with . or Enter, or press ? or * to list all spells.
Aiming: Poisonous Vapours (safe; 12% risk of failure)
Press: ? - help, Dir - move target, f/p - Sigmund
Aim: Sigmund, wielding a +0 scythe and wearing a +0 robe (lightly wounded, slightly transparent, very poisoned)
You miscast Poisonous Vapours.
You are very lightly contaminated with residual magic.
Nothing appears to happen.
A frilled lizard comes into view.
Unknown command.
Found a stone staircase leading down.
Casting: Poisonous Vapours (safe; 12% risk of failure)
Confirm with . or Enter, or press ? or * to list all spells.
Aiming: Sting (safe; 6% risk of failure)
Press: ? - help, Shift-Dir - straight line, f/p - Sigmund
Aim: Sigmund, wielding a +0 scythe and wearing a +0 robe (moderately wounded, slightly transparent, very poisoned, 68% to hit)
The sting hits Sigmund.
Sigmund looks even sicker.
Sigmund is heavily wounded.
Sigmund hits you from afar with a +0 scythe!
Sigmund points at you and mumbles some strange words.
You are confused.
You bump into the rock wall.
Your magical contamination has completely faded away.
You bump into the rock wall.
Sigmund hits you from afar with a +0 scythe!
* * * LOW HITPOINT WARNING * * *
You bump into the rock wall.
The frilled lizard barely misses you.
You feel less confused.
You kill Sigmund!
The frilled lizard bites you.
* * * LOW HITPOINT WARNING * * *
Your Fighting skill increases to level 2!
Your Spellcasting skill increases to level 3!
Your Poison Magic skill increases to level 5!
You have reached level 4!
You feel stronger.
You have reached level 5!
Found 7 gold pieces.
The frilled lizard bites you.
You die...

#....... . ...... !. # ....$
l.. ..##... ... .....#
...[.. ..
.....##########..#####.###..
............................
......... >..##@.#.####...#
#...... #.l#.######.# #....#
#............ #....# ...
##.##.#.#####... #..<.# ..
........#.### #.#####.#
.#.#.#......##### #<.
..####.. ........(.....##
.#. ...##..
###........###..###...
.#.##.# ####.#.............#


You could see a frilled lizard.

Vanquished Creatures
  Sigmund (D:2)
  A worm (D:2)
  3 dart slugs
  3 endoplasms (D:1)
  A giant cockroach (D:1)
  A goblin (D:2)
  2 hobgoblins
  A ball python (D:1)
  A frilled lizard (D:2)
  3 kobolds
  5 rats
22 creatures vanquished.

Notes
Turn   | Place    | Note
-------+----------+-------------------------------------------
     0 | D:1      | ZappyNine the Formicid Venom Mage began the quest for the
                  | Orb.
     0 | D:1      | Reached XP level 1. HP: 13/13 MP: 3/3
   284 | D:1      | Reached XP level 2. HP: 15/19 MP: 3/5
   355 | D:1      | Learned a level 2 spell: Poisonous Vapours
   555 | D:1      | Found a faded altar of an unknown god.
   879 | D:2      | Reached skill level 1 in Fighting
   879 | D:2      | Reached XP level 3. HP: 25/26 MP: 6/6
  1373 | D:2      | Noticed Sigmund
  1390 | D:2      | Killed Sigmund
  1390 | D:2      | HP: 1/26 [frilled lizard (2)]
  1391 | D:2      | Reached skill level 5 in Poison Magic
  1391 | D:2      | Reached XP level 4. HP: 1/34 MP: 1/9
  1391 | D:2      | Reached XP level 5. HP: 1/40 MP: 1/10
  1392 | D:2      | Slain by a frilled lizard

Illustrated notes

Levels and vault maps discovered:
D:1:      minmay_arrival_four_loops, layout_basic,
          nicolae_ecumenical_lake_church, fountainhead,
          chequers_serial_rivers_micro_e, chequers_garden
D:2:      layout_rooms, chequers_jeans, kennysheep_generic_room_14,
          uniq_natasha, uniq_sigmund

Skill      XL: |  1  2  3 |
---------------+----------+-----
Fighting       | 1 2 |  2.8
Spellcasting   | 3 |  3.6
Poison Magic   | 5 |  5.6
Dodging        | |  1.9
Stealth        | |  2.6
Transmutations | |  1.2

Action                   |  1- 3 |  4- 6 || total
-------------------------+-------+-------++-------
Melee: Spear             |    63 |       ||    63
       Dagger            |     4 |       ||     4
       Punch             |     1 |       ||     1
 Cast: Sting             |    10 |       ||    10
       Poisonous Vapours |     8 |       ||     8
 Stab: Sleeping          |     7 |       ||     7
Armor: Robe              |     8 |       ||     8
Dodge: Dodged            |    31 |       ||    31
